 Dungeon Crawl Stone Soup version 0.20.0-8-g6b59dc7 (webtiles) character file.

216 HeyBub the Chopper (level 5, -2/48 HPs)
             Began as a Minotaur Berserker on May 30, 2017.
             Was a Believer of Trog.
             Succumbed to a gnoll's poison
             ... on level 2 of the Dungeon.
             The game lasted 00:02:08 (1062 turns).

HeyBub the Chopper (Minotaur Berserker)             Turns: 1062, Time: 00:02:09

Health: -2/48      AC: 11    Str: 22    XL:     5   Next: 61%
Magic:  4/4        EV:  9    Int:  4    God:    Trog [**....]
Gold:   164        SH:  0    Dex: 10    Spells: 4/4 levels left

rFire    . . .     SeeInvis .   a - +0 hand axe
rCold    . . .     Gourm    .   (no shield)
rNeg     . . .     Faith    .   o - +0 chain mail
rPois    .         Spirit   .   (helmet restricted)
rElec    .         Reflect  .   (no cloak)
rCorr    .         Harm     .   g - +1 pair of gloves
MR       .....                  (no boots)
Stlth    ..........             (no amulet)
Regen    0.2/turn               (no ring)
MPRegen  0.1/turn               (no ring)

@: lethally poisoned (-2 -> -24), berserk cooldown, slowed, very slow
A: retaliatory headbutt, horns 2
a: Berserk, Trog's Hand, Burn Spellbooks, Renounce Religion


You were on level 2 of the Dungeon.
You worshipped Trog.
Trog was pleased with you.
You were very hungry.

You visited 1 branch of the dungeon, and saw 2 of its levels.

You collected 164 gold pieces.

Inventory:

Hand Weapons
 a - a +0 hand axe (weapon)
 i - a +0 hunting sling
Missiles
 m - 5 tomahawks (quivered)
 r - 12 sling bullets
Armour
 b - a +0 animal skin
 g - a +1 pair of gloves (worn)
 o - a +0 chain mail (worn)
Scrolls
 d - a scroll of blinking {unknown}
 e - 4 scrolls of identify {unknown}
 k - a scroll of remove curse {unknown}
 n - a scroll of immolation {unknown}
 p - a scroll of magic mapping {unknown}
 q - a scroll of teleportation {unknown}
Potions
 f - a potion of agility {unknown}
 h - a potion of heal wounds {unknown}
 j - 2 potions of haste {unknown}
 l - a potion of mutation {unknown}
 s - 2 potions of resistance {unknown}
Comestibles
 c - 2 bread rations


   Skills:
 + Level 5.2 Fighting
 + Level 5.9 Axes
 + Level 3.2 Armour
 + Level 2.8 Dodging
 + Level 0.1 Stealth


You had 4 spell levels left.
You didn't know any spells.

Dungeon Overview and Level Annotations

Branches:
Dungeon (2/15)

Altars:


Innate Abilities, Weirdness & Mutations

You reflexively headbutt those who attack you in melee.
You have a pair of horns on your head.


Message History

* * * LOW HITPOINT WARNING * * *
You feel sick.
A bat comes into view.
* * * LOW HITPOINT WARNING * * *
You feel sick.
Things that are here:
a flail; a scale mail; 16 gold pieces
There is a lethal amount of poison in your body!
You feel a strong urge to attack something.
* * * LOW HITPOINT WARNING * * *
You feel sick. The bat hits you but does no damage.
You closely miss the bat.
* * * LOW HITPOINT WARNING * * *
You feel sick. The bat closely misses you.
You are no longer berserk.
You are exhausted.
You feel yourself slow down.
* * * LOW HITPOINT WARNING * * *
You feel sick. The bat hits you but does no damage.
You die...

#...#.#.......
....†........# .#..#
### #...###.####.#
.#..##########..
........# #.# ....
........(.#
##.###### #.# ..#
######(### #.#
######.# ##.##.#
###.### #.#
#...##.###...%.
#.>...#
#.####....).....##
#.....#
#........##))..@.#
#......
################b..#
#....†# .#.....
#.....# .. #..#
####### ##. .. ##.##
#.# #.##. #.##.#


You could see a bat.

Vanquished Creatures
  Natasha (twice) (D:2)
  Robin (D:2)
  8 gnolls (D:2)
  3 adders (D:2)
  A dart slug (D:1)
  2 leopard geckos
  A ball python (D:1)
  2 bats (D:2)
  2 giant cockroaches
  9 goblins
  8 hobgoblins
  A quokka (D:2)
  6 frilled lizards
  7 kobolds
  4 rats (D:1)
57 creatures vanquished.

Vanquished Creatures (others)
  A rat (D:2)
1 creature vanquished.

Grand Total: 58 creatures vanquished

Notes
Turn   | Place    | Note
-------+----------+-------------------------------------------
     0 | D:1      | HeyBub the Minotaur Berserker began the quest for the Orb.
     0 | D:1      | Reached XP level 1. HP: 19/19 MP: 0/0
   104 | D:1      | Reached XP level 2. HP: 22/27 MP: 1/1
   518 | D:2      | Reached ** piety under Trog
   530 | D:2      | Found a faded altar of an unknown god.
   564 | D:2      | Noticed Natasha
   573 | D:2      | Killed Natasha
   573 | D:2      | Reached XP level 3. HP: 25/33 MP: 2/2
   631 | D:2      | Reached XP level 4. HP: 35/41 MP: 3/3
   815 | D:2      | Reached skill level 5 in Axes
   952 | D:2      | Noticed Robin
   960 | D:2      | Reached skill level 5 in Fighting
   962 | D:2      | Killed Robin
   962 | D:2      | Reached XP level 5. HP: 48/48 MP: 4/4
  1006 | D:2      | Noticed Natasha
  1015 | D:2      | Killed Natasha
  1061 | D:2      | HP: 1/48 [poisoned by a gnoll]
  1062 | D:2      | Succumbed to a gnoll's poison

Skill      XL: |  1  2  3  4 |
---------------+-------------+-----
Axes           | 4 5 |  5.9
Fighting       | 4 5 |  5.2
Armour         | 3 |  3.2
Dodging        | |  2.8
Stealth        | |  0.1

Action                   |  1- 3 |  4- 6 || total
-------------------------+-------+-------++-------
Melee: Hand axe          |    63 |    69 ||   132
       Headbutt          |     7 |     7 ||    14
Invok: Berserk           |     1 |     2 ||     3
  Eat: Royal jelly       |       |     1 ||     1
Armor: Animal skin       |     8 |       ||     8
       Chain mail        |    15 |    44 ||    59
Dodge: Dodged            |    25 |    34 ||    59
